 Dungeon Sprint DCSS version 0.30.1-4-g462c640d31 (webtiles) character file.

Game seed: 15873233560760796974

325 boopmooplesden the Carver (level 6, -4/65 HPs)
             Began as an Armataur Berserker on Aug 16, 2023.
             Was an Elder of Trog.
             Slain by a wight
             ... wielding a +0 battleaxe
              (12 damage)
             ... while paralysed by a floating eye
             ... in the Dungeon (Sprint VII: "The Pits").
             The game lasted 00:01:11 (183 turns).

boopmooplesden the Carver (Armataur Berserker)       Turns: 183, Time: 00:01:12

Health: -4/65      AC: 12    Str: 24    XL:     6   Next: 24%
Magic:  6/6        EV:  1    Int:  7    God:    Trog [****..]
Gold:   0          SH:  0    Dex: 10    Spells: 5/5 levels left

rFire   . . .        l - +0 long sword (flame)
rCold   . . .        (no shield)
rNeg    . . .        m - +2 plate armour
rPois   .            (no helmet)
rElec   .            (no cloak)
rCorr   .            (no gloves)
SInv    .            (no barding)
Will    .....        (no amulet) Stlth
                     (no ring)
HPRegen 0.30/turn    (no ring)
MPRegen 0.10/turn

%: no teleportation, roll
@: paralysed, on berserk cooldown, slowed
A: large, rugged brown scales 3, deformed body, armoured tail, roll, long
tongue, awkward tongue
a: Renounce Religion, Berserk, Trog's Hand, Brothers in Arms


You were in the Dungeon.
You worshipped Trog.
Trog was greatly pleased with you.
You visited 1 branch

Inventory:

Hand Weapons
 a - a +0 falchion
 i - a +2 falchion
 l - a +0 long sword of flaming (weapon)
Armour
 b - a +0 animal skin
 m - a +2 plate armour (worn)
Scrolls
 h - a scroll of blinking
 k - a scroll of butterflies
Potions
 c - 6 potions of curing
 d - 6 potions of heal wounds
 e - a potion of haste
 f - 4 potions of magic
 g - 3 potions of berserk rage
 j - 2 potions of invisibility


   Skills:
 + Level 7.7 Fighting
 + Level 8.5 Long Blades
 + Level 5.0 Armour
 + Level 3.8 Dodging


You had 5 spell levels left.
You didn't know any spells.
Your spell library was empty.

Dungeon Overview and Level Annotations

Branches:
Dungeon (1/1)

Altars:


Innate Abilities, Weirdness & Mutations

You are completely covered in rugged brown scales. (AC +3, +7% HP)
Armour fits poorly on your strangely shaped body.
You have a long armoured tail.
You roll when moving toward enemies. (Rampage)
Your long tongue fully drains potion bottles. (2x potion effects)
Your tongue gives you trouble enunciating. (1.5x scroll delay)


Message History

The floating eye gazes piercingly through you!
You suddenly lose the ability to move!
Your Fighting skill increases to level 7!
Your Long Blades skill increases to level 8!
Your Armour skill increases to level 5!
You have reached level 6!
The floating eye's stare focuses on you.
The giant cockroach bites you but does no damage.
The floating eye gazes piercingly through you!
You shrug off the repeated paralysis!
The giant cockroach bites you but does no damage.
The giant cockroach bites you.
* * * LOW HITPOINT WARNING * * *
The floating eye seems to glare at you.
The giant cockroach bites you but does no damage.
You can move again.
You closely miss the giant cockroach.
The giant cockroach bites you but does no damage.
You hit the giant cockroach. You burn the giant cockroach.
Your tail-slap misses the giant cockroach.
The giant cockroach is almost dead.
The giant cockroach bites you but does no damage.
You barely miss the giant cockroach.
The giant cockroach is almost dead.
The giant cockroach bites you but does no damage.
You slash the giant cockroach! You burn the giant cockroach.
You kill the giant cockroach!
Trog accepts your kill.
You hit the wight but do no damage. You tail-slap the wight!
The wight is severely damaged.
You barely miss the wight.
The wight is severely damaged.
You are no longer berserk.
You are exhausted.
You feel yourself slow down.
The floating eye gazes piercingly through you!
You suddenly lose the ability to move!
The wight hits you with a +0 battleaxe!
* * * LOW HITPOINT WARNING * * *
The wight hits you with a +0 battleaxe!
You die...

#..........)'.....
#'#####)#####.....
#.#...#.#.[##.....
#.#...#.#.)#####'#
#.#...'.#))##.....
#.##†####))##.....
#.#.....#..##.....
#.#.....#'###...<.
#@#........##.....
#z#........##.....
#G###########.....
#lz.....# ######
#..###..# #...
##.## .. .#


You could see a floating eye, 2 wights and a frilled lizard.

Vanquished Creatures
  A warg (D)
  A sky beast (D)
  A scorpion (D)
  A quasit (D)
  A gnoll (D)
  A river rat (D)
  An orc (D)
  2 ball pythons (D)
  An endoplasm (D)
  A giant cockroach (D)
  A rat (D)
12 creatures vanquished.

Notes
Turn   | Place    | Note
-------+----------+-------------------------------------------
     0 | D        | boopmooplesden the Armataur Berserker began the quest for
                  | the Orb.
     0 | D        | Reached XP level 1. HP: 19/19 MP: 1/1
    12 | D        | Reached skill level 3 in Long Blades
    49 | D        | Reached XP level 2. HP: 26/28 MP: 2/2
    54 | D        | Reached ** piety under Trog
    67 | D        | Noticed a scorpion
    68 | D        | Noticed a sky beast
    79 | D        | Killed a sky beast
    79 | D        | Reached *** piety under Trog
    80 | D        | Reached skill level 5 in Fighting
    80 | D        | Reached skill level 6 in Long Blades
    80 | D        | Reached XP level 3. HP: 31/39 MP: 3/3
    80 | D        | Reached XP level 4. HP: 38/47 MP: 4/4
    80 | D        | Killed a scorpion
    81 | D        | Reached skill level 7 in Long Blades
    81 | D        | Reached XP level 5. HP: 44/54 MP: 5/5
   147 | D        | Noticed a warg
   148 | D        | Noticed a floating eye
   152 | D        | Paralysed by a floating eye for 4 turns
   161 | D        | Paralysed by a floating eye for 2 turns
   172 | D        | Killed a warg
   172 | D        | Reached **** piety under Trog
   172 | D        | Paralysed by a floating eye for 4 turns
   173 | D        | Reached skill level 8 in Long Blades
   173 | D        | Reached skill level 5 in Armour
   173 | D        | Reached XP level 6. HP: 21/65 MP: 6/6
   182 | D        | Paralysed by a floating eye for 4 turns
   183 | D        | Slain by a wight

Illustrated notes

Levels and vault maps discovered:
D:        pitsprint [storerooms_1, entrance_room_1, metal_vault_3, armoury_2,
          mini_pit_1, grid_room_1, main_hall_1, silver_pit, the_coven_1,
          the_vestibule_1, steel_vault_2, golden_pit, hallway_of_sentries,
          crystal_vault_2, iron_vault_4, final_vault]

Skill      XL: |  1  2  3  4  5 |
---------------+----------------+-----
Fighting       | 3 5 6 7 |  7.7
Long Blades    | 3 6 7 8 |  8.5
Armour         | 3 4 5 |  5.0
Dodging        | 2 3 |  3.8

Action                     |  1- 3 |  4- 6 || total
---------------------------+-------+-------++-------
  Melee: Falchion          |    25 |     4 ||    29
         Tailslap          |     1 |     1 ||     2
         Long sword        |       |    21 ||    21
 Invoke: Berserk           |     1 |     1 ||     2
 Armour: Animal skin       |    12 |       ||    12
         Plate armour      |       |    37 ||    37
  Dodge: Dodged            |     7 |     7 ||    14
